 Dungeon Crawl Stone Soup version 0.23-a0-97-g66d73a1 (webtiles) character file.

240 topirishpotato the Gusty (level 6, -2/32 HPs)
             Began as a Gargoyle Air Elementalist on Aug 17, 2018.
             Was an Initiate of Sif Muna.
             Killed from afar by an orc wizard (8 damage)
             ... with a magic dart
             ... on level 3 of the Dungeon.
             The game lasted 00:13:25 (4032 turns).

topirishpotato the Gusty (GrAE)                     Turns: 4032, Time: 00:13:26

Health: -2/32      AC:  8    Str: 11    XL:     6   Next: 8%
Magic:  0/10       EV: 12    Int: 18    God:    Sif Muna [......]
Gold:   98         SH:  0    Dex: 10    Spells: 5/11 levels left

rFire    . . .     SeeInvis +   (no weapon)
rCold    . . .     Gourm    .   (no shield)
rNeg     + . .     Faith    .   a - +0 robe
rPois    ∞         Spirit   .   k - +1 hat
rElec    +         Reflect  .   (no cloak)
rCorr    +         Harm     .   f - +0 pair of gloves
MR       .....                  (no boots)
Stlth    ++........             (no amulet)
HPRegen  0.10/turn              h - ring of resist corrosion
MPRegen  0.12/turn              i - ring of see invisible

@: no status effects
A: negative energy resistance 1, electricity resistance, unbreathing,
petrification resistance, rot immunity, AC +4
a: Renounce Religion


You were on level 3 of the Dungeon.
You worshipped Sif Muna.
Sif Muna was noncommittal.
You were very hungry.

You visited 1 branch of the dungeon, and saw 3 of its levels.

You collected 98 gold pieces.

Inventory:

Armour
 a - a +0 robe (worn)
 f - a +0 pair of gloves (worn)
 k - a +1 hat (worn)
 o - a +0 shield
Jewellery
 h - a ring of resist corrosion (left hand)
 i - a ring of see invisible (right hand)
Scrolls
 b - a scroll of enchant armour {unknown}
 d - 5 scrolls of identify {unknown}
 e - a scroll of enchant weapon {unknown}
 g - 2 scrolls of amnesia {unknown}
 j - 3 scrolls of remove curse {unknown}
 l - 2 scrolls of blinking {unknown}
 n - a scroll of magic mapping {unknown}
 p - a scroll of immolation {unknown}
Comestibles
 c - 4 rations


   Skills:
 - Level 1.5 Dodging
 - Level 2.1 Stealth
 * Level 0.9 Shields
 + Level 3.0 Spellcasting
 * Level 3.4 Conjurations
 * Level 1.1 Charms
 * Level 3.9 Air Magic


You had 5 spell levels left.
You knew the following spells:

 Your Spells              Type           Power        Failure   Level  Hunger
a - Shock                 Conj/Air       ###.         3%          1    None
b - Swiftness             Chrm/Air       ##......     9%          2    ##.....
c - Static Discharge      Conj/Air       ###.....     11%         3    ###....

Your spell library contained the following spells:

 Spells                   Type           Power        Failure   Level  Hunger
 Lightning Bolt           Conj/Air       ###.......   69%         5    ######.
 Airstrike                Air            ###.......   32%         4    ####...


Dungeon Overview and Level Annotations

Branches:
Dungeon (3/15)

Altars:
Ashenzari
Cheibriados
Makhleb
Sif Muna
Yredelemnul
Zin


Innate Abilities, Weirdness & Mutations

You are resistant to torment.
Your stone body is resilient. (AC +4)
You are immune to poison.
You resist negative energy. (rN+)
You are resistant to electric shocks. (rElec)
You can survive without breathing.
You are immune to petrification.
You are immune to rotting.


Message History

Confirm with . or Enter, or press ? or * to list all spells.
You don't have enough magic to cast that spell.
Casting: Static Discharge (safe; 11% risk of failure)
Confirm with . or Enter, or press ? or * to list all spells.
Aiming: Shock (safe; 3% risk of failure)
Press: ? - help, Shift-Dir - straight line, f - orc wizard
Aim: an orc wizard, wielding a dagger and wearing a robe (heavily wounded)
The zap hits the orc wizard.
The orc wizard is severely wounded.
The orc wizard gestures wildly while chanting.
The orc wizard blinks!
An orc wizard is nearby!
Unknown command.
An orc wizard is nearby!
An orc wizard is nearby!
You hit the orc wizard.
The orc wizard is severely wounded.
The orc wizard gestures at you while chanting.
The magic dart hits you!
You die...

.........).#..#...#...#...#
............................
.....#.......###############
........##.#......########.#
.....#.##..#####...........#
.....#.#..## ##..........#
#.....)..#######..........#
.#(.......##...........(...#
..........o@.####...........
..........###........)......
..........#..........).<....
............#...............
....§......##########.......
.......[...# #..(....
...........# #..(....
...........### #.......
.......(.....#########......


You could see an orc wizard.

Vanquished Creatures
  An orc warrior (D:3)
  An orc priest (D:3)
  2 adders
  An ooze (D:3)
  2 worms
  A dart slug (D:1)
  A leopard gecko (D:3)
  10 orcs
  9 bats
  3 giant cockroaches
  9 goblins
  6 hobgoblins
  8 jackals
  A quokka (D:3)
  3 ball pythons
  7 frilled lizards
  9 kobolds
  6 rats
80 creatures vanquished.

Notes
Turn   | Place    | Note
-------+----------+-------------------------------------------
     0 | D:1      | topirishpotato the Gargoyle Air Elementalist began the quest for the Orb.
     0 | D:1      | Reached XP level 1. HP: 10/10 MP: 3/3
   260 | D:1      | Reached XP level 2. HP: 11/15 MP: 0/5
   932 | D:1      | Reached XP level 3. HP: 15/19 MP: 0/6
  1844 | D:1      | Learned a level 2 spell: Swiftness
  2133 | D:2      | Found a basalt altar of Yredelemnul.
  2161 | D:2      | Found a snail-covered altar of Cheibriados.
  2199 | D:2      | Reached XP level 4. HP: 22/24 MP: 0/7
  3185 | D:2      | Learned a level 3 spell: Static Discharge
  3357 | D:3      | Found a deep blue altar of Sif Muna.
  3360 | D:3      | Found a shattered altar of Ashenzari.
  3367 | D:3      | Reached XP level 5. HP: 23/28 MP: 4/9
  3368 | D:3      | Became a worshipper of Sif Muna the Loreminder
  3438 | D:3      | Found a burning altar of Makhleb.
  3438 | D:3      | Noticed a blizzard demon
  3670 | D:3      | Found a glowing silver altar of Zin.
  3707 | D:3      | Noticed an orc warrior
  4013 | D:3      | Killed an orc warrior
  4013 | D:3      | Reached skill level 1 in Charms
  4013 | D:3      | Reached XP level 6. HP: 5/32 MP: 3/10
  4032 | D:3      | Killed from afar by an orc wizard

Vault maps used:
D:1:      wheals_arrival_linesprint
D:2:      overflow_temple_1_default, cheibriados_altar_1
D:3:      lemuel_coloured_pillars_altar,
          chequers_temple_overflow_statue_of_worship, makhleb_altar_promises_db,
          uniq_terence

Skill      XL: |  1  2  3  4  5 |
---------------+----------------+-----
Air Magic      | 3 |  3.9
Conjurations   | 2 3 |  3.4
Spellcasting   | 3 |  3.0
Charms         | 1 |  1.1
Dodging        | |  1.5
Stealth        | |  2.1
Shields        | |  0.9

Action                   |  1- 3 |  4- 6 || total
-------------------------+-------+-------++-------
Melee: Unarmed           |    48 |    43 ||    91
 Cast: Shock             |    90 |    96 ||   186
       Swiftness         |       |     1 ||     1
       Static Discharge  |       |     1 ||     1
  Use: Potion            |     1 |       ||     1
  Eat: Chunk             |     2 |     5 ||     7
       Ration            |     1 |       ||     1
Armor: Robe              |    26 |    29 ||    55
Dodge: Dodged            |    62 |    83 ||   145

Table legend:
 A = Non-vault XP
 B = Vault XP
 C = Vault XP percentage of total XP
 D = Non-vault monster count
 E = Vault monster count
 F = Vault count percentage of total count
                 A         B        C        D         E       F
            +---------+---------+-------+---------+---------+-------
      Total |     343 |       0 |   0.0 |      80 |       0 |   0.0
            +---------+---------+-------+---------+---------+-------
        D:1 |      48 |       0 |   0.0 |      27 |       0 |   0.0
        D:2 |      70 |       0 |   0.0 |      31 |       0 |   0.0
        D:3 |     225 |       0 |   0.0 |      22 |       0 |   0.0
            +---------+---------+-------+---------+---------+-------
